 Dungeon Crawl Stone Soup version 0.25.0-11-g1f837a76a1 (webtiles) character file.

Game seed: 14322996130729528326

106 mortelune the Caller (level 4, -2/30 HPs)
             Began as a Barachi Summoner on June 26, 2020.
             Slain by a centaur (7 damage)
             ... on level 3 of the Dungeon.
             The game lasted 00:07:03 (4090 turns).

mortelune the Caller (Barachi Summoner)             Turns: 4090, Time: 00:07:04

Health: -2/30      AC:  4    Str:  9    XL:     4   Next: 84%
Magic:  8/8        EV: 12    Int: 16    God:
Gold:   174        SH:  0    Dex: 13    Spells: 3/9 levels left

rFire    . . .     SeeInvis .   r - +1 short sword (holy)
rCold    . . .     Gourm    .   (no shield)
rNeg     . . .     Faith    .   a - +0 robe
rPois    .         Spirit   .   e - +1 helmet
rElec    .         Reflect  .   (no cloak)
rCorr    .         Harm     .   (no gloves)
MR       .....                  (no boots)
Stlth    ++........             (no amulet)
HPRegen  0.10/turn              (no ring)
MPRegen  0.11/turn              (no ring)

@: slow
A: +LOS, swims, slowness 1, strong legs 1
a: Hop


You were on level 3 of the Dungeon.
You were not hungry.

You visited 1 branch of the dungeon, and saw 3 of its levels.

You collected 174 gold pieces.

Inventory:

Hand Weapons
 b - a +0 club
 f - a +1 short sword
 r - a +1 short sword of holy wrath (weapon)
Armour
 a - a +0 robe (worn)
 e - a +1 helmet (worn)
Scrolls
 h - a scroll of teleportation {unknown}
 n - a scroll of amnesia {unknown}
 p - a scroll of magic mapping {unknown}
Potions
 d - a potion of haste {unknown}
 g - a potion of heal wounds {unknown}
 i - a potion of stabbing {unknown}
 j - a potion of degeneration {unknown}
 k - 2 potions of curing
 l - 2 potions of magic {unknown}
 m - a potion of invisibility {unknown}
 q - 2 potions of brilliance {unknown}
Comestibles
 c - 9 rations
 o - 4 chunks of flesh


   Skills:
 - Level 2.1 Dodging
 - Level 1.7 Stealth
 + Level 3.3 Spellcasting
 * Level 6.5 Summonings


You had 3 spell levels left.
You knew the following spells:

 Your Spells              Type           Power        Failure   Level  Hunger
a - Summon Small Mammal   Summ           ###.         1%          1    None
b - Call Imp              Summ           ###.....     1%          2    ##.....
c - Call Canine Familiar  Summ           ###.....     3%          3    ###....

Your spell library contained the following spells:

 Spells                   Type           Power        Failure   Level  Hunger
 Summon Guardian Golem    Hex/Summ       ##......     14%         3    ###....
 Confusing Touch          Hex            #.......     50%         3    ###....
 Gell's Gravitas          Tloc           #.........   50%         3    ###....
 Summon Ice Beast         Ice/Summ       ##......     43%         4    ####...
 Summon Lightning Spire   Summ/Air       ##......     43%         4    ####...
 Petrify                  Tmut/Erth      #.......     88%         4    ####...
 Metabolic Englaciation   Hex/Ice        #.........   99%         5    ######.
 Yara's Violent Unravell  Hex/Tmut       #.........   99%         5    ######.


Dungeon Overview and Level Annotations

Branches:
Dungeon (3/15)

Altars:
Nemelex Xobeh
Okawaru


Innate Abilities, Weirdness & Mutations

You can be seen from farther away. (+LOS)
You can swim through water.
You cover ground slowly.
You can hop short distances.


Message History

The centaur hits you. The centaur hits you!
You barely miss the centaur. The centaur hits you.
You hit the centaur.
The centaur is lightly wounded.
The centaur hits you!
* * * LOW HITPOINT WARNING * * *
The centaur hits you.
* * * LOW HITPOINT WARNING * * *
You hit the centaur.
The centaur is lightly wounded.
The centaur closely misses you. The centaur completely misses you.
You hit the centaur.
The centaur is moderately wounded.
The centaur barely misses you.
You hit the centaur but do no damage.
The centaur is moderately wounded.
The centaur hits you.
* * * LOW HITPOINT WARNING * * *
The centaur hits you!
You die...

##..[# #.### #.#
.....# #...# #<#
#....# #.#.#####.#
.....#####.#.......#
#..........#######.#
##.##.#............#
##.##.############.#
#...#.# ##########.#
......#........c@..#
#...###.############
##.## #.# .. #.# #.#
.. #.####.### ### #.
.#
#........####...##
#. .#
###......#..⌠.⌠...
#. .#
#)........._...
#.##.#
#.....÷...⌠.⌠# #.#..


You could see a centaur.

Vanquished Creatures
  An adder (D:3)
  A dart slug (D:2)
  2 leopard geckos (D:3)
  An orc (D:3)
  2 bats (D:3)
  4 giant cockroaches
  5 goblins
  6 hobgoblins
  3 quokkas
  A ball python (D:1)
  4 frilled lizards
  8 kobolds
  5 rats
43 creatures vanquished.

Vanquished Creatures (collateral kills)
  5 adders
  2 worms (D:2)
  A dart slug (D:2)
  2 orcs (D:3)
  4 bats
  4 giant cockroaches
  2 hobgoblins (D:1)
  3 jackals (D:2)
  2 ball pythons
  A frilled lizard (D:2)
26 creatures vanquished.

Grand Total: 69 creatures vanquished

Notes
Turn   | Place    | Note
-------+----------+-------------------------------------------
     0 | D:1      | mortelune the Barachi Summoner began the quest for the Orb.
     0 | D:1      | Reached XP level 1. HP: 13/13 MP: 3/3
   201 | D:1      | Reached skill level 5 in Summonings
   337 | D:1      | Reached XP level 2. HP: 19/19 MP: 5/5
   378 | D:1      | Learned a level 2 spell: Call Imp
  1213 | D:2      | Reached XP level 3. HP: 12/24 MP: 4/6
  1540 | D:1      | Learned a level 3 spell: Call Canine Familiar
  1550 | D:2      | Found an iron altar of Okawaru.
  1961 | D:2      | Reached skill level 6 in Summonings
  2549 | D:3      | Reached XP level 4. HP: 28/30 MP: 4/8
  2675 | D:3      | Found a sparkling altar of Nemelex Xobeh.
  4083 | D:3      | Noticed a centaur
  4090 | D:3      | Slain by a centaur

Illustrated notes

Levels and vault maps discovered:
D:1:      dpeg_arrival_three_same_balls, layout_basic
D:2:      layout_rooms, okawaru_trees_1
D:3:      minmay_thinvault, layout_loops_ring, first_ration,
          nemelex_xobeh_ov_fountains_minmay

Skill      XL: |  1  2  3 |
---------------+----------+-----
Summonings     | 5 6 |  6.5
Spellcasting   | 3 |  3.3
Dodging        | |  2.1
Stealth        | |  1.7

Action                   |  1- 3 |  4- 6 || total
-------------------------+-------+-------++-------
Melee: Club              |    44 |       ||    44
       Unarmed           |     2 |       ||     2
       Short sword       |    62 |    94 ||   156
 Cast: Summon Small Mamm |    11 |       ||    11
       Call Imp          |     5 |       ||     5
       Call Canine Famil |     6 |     5 ||    11
 Abil: Hop               |     1 |       ||     1
  Use: Scroll            |     4 |       ||     4
       Potion            |     1 |       ||     1
 Stab: Sleeping          |     5 |     3 ||     8
       Distracted        |       |     1 ||     1
  Eat: Chunk             |     6 |     7 ||    13
Armor: Robe              |    41 |    23 ||    64
Dodge: Dodged            |    83 |    63 ||   146
